[Event "Late-Titled-Tuesday-Blitz-May-14-2024"]
[Site "Chess.com"]
[Date "2024.05.14"]
[Round "6"]
[White "KatakuriDono"]
[Black "rikchessmx"]
[Result "1-0"]
[WhiteElo "2305"]
[BlackElo "2437"]
[TimeControl "180+1"]
[EndTime "15:04:49 PDT"]
[Termination "KatakuriDono won by resignation"]

1. d4 Nf6 2. Nf3 e6 3. g3 Be7 4.
Bg2 O-O 5. O-O d6 6. c4 Nbd7 7. Nc3 e5 8. dxe5 dxe5 9. e4 c6 10. Re1 Qc7 11. h3 Rd8 12. Qe2 h6 13. Be3 Nf8 14.
Rad1 Ne6 15. Rxd8+ Qxd8 16. Nxe5 Bb4 17. Rd1 Qe7 18.
f4 Bxc3 19. bxc3 Nc5 20. Bxc5 Qxc5+ 21. Qf2 Qe7 22. Qd4 Be6 23. c5 Bxa2 24. Qd6 Qe8 25. g4 Bb3 26. Rb1 Bc2 27. Rxb7 Nxe4 28. Qxc6 Nxc3 29.
Rxa7 Ne2+ 30. Kh2 Qxc6 31. Nxc6 Rxa7 32. Nxa7 Nxf4 33. c6 Nxg2 34. c7 Nf4 35. c8=Q+ Kh7 36. Qxc2+ 1-0

[Event "Late-Titled-Tuesday-Blitz-May-14-2024"]
[Site "Chess.com"]
[Date "2024.05.14"]
[Round "6"]
[White "Rital44"]
[Black "WindWhistler11"]
[Result "1-0"]
[WhiteElo "2709"]
[BlackElo "2527"]
[TimeControl "180+1"]
[EndTime "15:04:50 PDT"]
[Termination "Rital44 won by resignation"]

1. d4 Nf6 2. Nc3 e6 3. Bf4 a6 4.
e4 d5 5. exd5 exd5 6. Bd3 Be7 7.
Nf3 Bg4 8. h3 Bh5 9. g4 Bg6 10.
Ne5 c5 11. Bxg6 hxg6 12. dxc5 d4 13. Ne2 Qd5 14. Rh2 Bxc5 15. Qd3 g5 16. Bg3 Nc6 17.
Nxc6 bxc6 18. O-O-O Qxa2 19. Nxd4 O-O 20. Nb3 Bb4 21.
Be5 Nd5 22. h4 Rfe8 23. hxg5 Rxe5 24. Qh7+ Kf8 25. Qh8+ Ke7 26. Qxa8 Nc3 27. Qb7+ 1-0

[Event "Late-Titled-Tuesday-Blitz-May-14-2024"]
[Site "Chess.com"]
[Date "2024.05.14"]
[Round "6"]
[White "Balla_Tamas"]
[Black "angelgab3"]
[Result "0-1"]
[WhiteElo "2537"]
[BlackElo "2721"]
[TimeControl "180+1"]
[EndTime "15:04:58 PDT"]
[Termination "angelgab3 won by resignation"]

1. Nf3 d5 2. b3 c5 3. Bb2 f6 4.
c4 d4 5. e3 e5 6. exd4 cxd4 7.
g3 Nc6 8. Bg2 Bg4 9. O-O Qd7 10.
d3 h5 11. Nbd2 h4 12. a3 hxg3 13. fxg3 a5 14. Qe1 Nge7 15. Ne4 Nf5 16. Rf2 Ne3 17. Nfd2 Nc2 18. Qf1 Nxa1 19. Bxa1 Be7 20. c5 f5 21. Nd6+ Bxd6 22. cxd6 Qxd6 23. Nc4 Qc7 24. Rxf5 Bxf5 25. Qxf5 Rd8 26. Qe6+ Qe7 27. Qg6+ Kf8 28. Bxc6 bxc6 29.
Qxc6 Rh6 30. Qe4 Kg8 31. Nxe5 Re6 32. Bxd4 Rxd4 33. Qxd4 Rxe5 34. Qc4+ Kh7 35. d4 Re1+ 36. Kg2 Qe2+ 37. Qxe2 Rxe2+ 38. Kh3 Rd2 39. b4 axb4 40. axb4 Rxd4 0-1

[Event "Late-Titled-Tuesday-Blitz-May-14-2024"]
[Site "Chess.com"]
[Date "2024.05.14"]
[Round "6"]
[White "shirovin"]
[Black "zacachess"]
[Result "0-1"]
[WhiteElo "2107"]
[BlackElo "2360"]
[TimeControl "180+1"]
[EndTime "15:04:58 PDT"]
[Termination "zacachess won on time"]

1. e4 c5 2. Nf3 d6 3. d4 cxd4 4.
Nxd4 Nf6 5. Nc3 Nc6 6. Bg5 e6 7. Qd2 a6 8. O-O-O Bd7 9. Nxc6 Bxc6 10. Qe1 Qc7 11. Nd5 Bxd5 12. exd5 e5 13. f4 Nd7 14.
Kb1 f6 15. Bh4 Be7 16. fxe5 Nxe5 17. Bg3 O-O 18. Bd3 f5 19. Bxe5 dxe5 20. Qe2 b5 21. c4 e4 22. Rhe1 Bb4 23. cxb5 Bxe1 24. Bc4 axb5 25.
d6+ Qxc4 26. Qxe1 Qxa2+ 0-1

[Event "Late-Titled-Tuesday-Blitz-May-14-2024"]
[Site "Chess.com"]
[Date "2024.05.14"]
[Round "6"]
[White "KirAk47"]
[Black "SahaNeelash"]
[Result "1-0"]
[WhiteElo "2455"]
[BlackElo "2690"]
[TimeControl "180+1"]
[EndTime "15:05:01 PDT"]
[Termination "KirAk47 won by resignation"]

1. e4 c6 2. d4 d5 3. e5 Bf5 4. Nc3 e6 5. g4 Bg6 6. Nge2 c5 7. h4 h6 8. Be3 Nc6 9. dxc5 Nxe5 10. Nf4 a6 11.
Bg2 Nf6 12. Qe2 Qc7 13. Bd4 Nexg4 14. Ncxd5 Nxd5 15. Nxd5 Qd8 16. Qxg4 exd5 17. O-O-O h5 18. Qe2+ Qe7 19. Rhe1 Qxe2 20. Rxe2+ Kd7 21. Bxd5 Be7 22. Bxg7 Bxh4 23. Bxh8 Rxh8 24. Bxf7+ Kc7 25. Bxg6 1-0

[Event "Late-Titled-Tuesday-Blitz-May-14-2024"]
[Site "Chess.com"]
[Date "2024.05.14"]
[Round "6"]
[White "gabduschew"]
[Black "SoCalJuniorChess"]
[Result "1-0"]
[WhiteElo "2385"]
[BlackElo "2219"]
[TimeControl "180+1"]
[EndTime "15:05:03 PDT"]
[Termination "gabduschew won by resignation"]

1. e4 d5 2. exd5 Qxd5 3. d4 e5 4. Nc3 Bb4 5. Bd2 Qxd4 6. Nf3 Qd6 7. Nb5 Bxd2+ 8. Qxd2 Qe7 9. O-O-O Bg4 10. Be2 Nc6 11.
Nxe5 Nxe5 12. Bxg4 Nxg4 13. Rhe1 Ne5 14. Rxe5 Qxe5 15.
Re1 Qxe1+ 16. Qxe1+ Kd7 17. Qd2+ Kc8 18. Qf4 Kd7 19.
Qxc7+ Ke6 20. Qd6+ Kf5 21. Nd4+ Ke4 22. f3+ Ke3 23.
Nf5+ Kf2 24. Qg3+ Ke2 25. Qe5+ Kf2 26. Qe3+ Kxg2 27. f4 Nh6 28. Nh4+ Kxh2 29. Qf3 1-0

[Event "Late-Titled-Tuesday-Blitz-May-14-2024"]
[Site "Chess.com"]
[Date "2024.05.14"]
[Round "6"]
[White "varunkrishnanchess"]
[Black "duone"]
[Result "1-0"]
[WhiteElo "2607"]
[BlackElo "2433"]
[TimeControl "180+1"]
[EndTime "15:05:04 PDT"]
[Termination "varunkrishnanchess won by checkmate"]

1. a3 e5 2. c4 Nf6 3. Nc3 c6 4.
d4 e4 5. d5 Bc5 6. b4 Bxf2+ 7.
Kxf2 Ng4+ 8. Ke1 Qf6 9. Nxe4 Qxa1 10. Nd6+ Kf8 11. Nxc8 Qc3+ 12. Qd2 Qf6 13. Qf4 Qc3+ 14. Kd1 Qb3+ 15. Kd2 Qa2+ 16. Ke1 h6 17. Qxg4 Qc2 18. Qf4 cxd5 19. Nd6 f6 20. c5 Nc6 21. Qd2 Qb1 22.
Nf3 d4 23. g3 a5 24. b5 Ne5 25. Nxe5 fxe5 26. Bh3 Kg8 27. Bxd7 Rf8 28. Be6+ Kh7 29. Qd3+ Qxd3 30. exd3 Rf3 31. Ke2 Rhf8 32. Bf5+ R8xf5 33. Nxf5 Rxf5 34. Rf1 Rh5 35. h4 g5 36. c6 bxc6 37.
bxc6 e4 38. c7 gxh4 39. c8=Q exd3+ 40. Kxd3 h3 41. Rf7+ Kg6 42. Qg8# 1-0

[Event "Late-Titled-Tuesday-Blitz-May-14-2024"]
[Site "Chess.com"]
[Date "2024.05.14"]
[Round "6"]
[White "laskakid"]
[Black "Stanbad1"]
[Result "0-1"]
[WhiteElo "2386"]
[BlackElo "2608"]
[TimeControl "180+1"]
[EndTime "15:05:04 PDT"]
[Termination "Stanbad1 won by resignation"]

1. e4 e6 2. d3 d5 3. Nd2 c5 4. Ngf3 Nc6 5. g3 g6 6. Bg2 Bg7 7. O-O Nge7 8. Re1 O-O 9. c3 b6 10. e5 a5 11. a4 Ba6 12. Nb1 Qc7 13. Na3 Nxe5 14. Bf4 Nxf3+ 15. Qxf3 Qd7 16. Nc2 Rac8 17. d4 cxd4 18. Nxd4 Nc6 19. Nb5 Bxb5 20. axb5 Na7 21. Be5 Nxb5 22. Bxg7 Kxg7 23. Bf1 Nd6 24. Qe3 Qc6 25.
Qe5+ Kg8 26. h4 Nc4 27. Qf6 Nxb2 28. h5 Qxc3 29. Re5 Nd3 30. Bxd3 Qxa1+ 31. Kg2 Qc1 32.
f4 Rc2+ 33. Bxc2 Qxc2+ 34. Kh3 h6 35. Rg5 hxg5 36. h6 Qf5+ 0-1

[Event "Late-Titled-Tuesday-Blitz-May-14-2024"]
[Site "Chess.com"]
[Date "2024.05.14"]
[Round "6"]
[White "Puzzlebot_1294"]
[Black "1g60-1"]
[Result "1-0"]
[WhiteElo "2638"]
[BlackElo "2413"]
[TimeControl "180+1"]
[EndTime "15:05:05 PDT"]
[Termination "Puzzlebot_1294 won by resignation"]

1. d4 e6 2. Nf3 f5 3. g3 Nf6 4. Bg2 Be7 5. O-O O-O 6. c4 d6 7. Nc3 Ne4 8. Qc2 Nxc3 9. bxc3 Nc6 10. e4 e5 11. Bb2 f4 12. c5 Qe8 13. Rad1 Qh5 14.
Qe2 g5 15. cxd6 cxd6 16. Qc4+ Rf7 17. dxe5 dxe5 18. Rd5 Be6 19. Qb5 Bxd5 20. exd5 e4 21. dxc6 exf3 22. cxb7 Rb8 23. Bh1 Bf6 24. Qd5 g4 25.
Qxh5 1-0

[Event "Late-Titled-Tuesday-Blitz-May-14-2024"]
[Site "Chess.com"]
[Date "2024.05.14"]
[Round "6"]
[White "FuenfgegenWilly"]
[Black "th3d4rkness"]
[Result "1-0"]
[WhiteElo "2464"]
[BlackElo "2182"]
[TimeControl "180+1"]
[EndTime "15:05:08 PDT"]
[Termination "FuenfgegenWilly won by resignation"]

1. b3 Nf6 2. Bb2 d6 3. d4 e5 4. dxe5 Ne4 5. Nf3 Bg4 6. Nbd2 Nxd2 7. Qxd2 Nc6 8. exd6 Bxd6 9. Bxg7 Rg8 10. Qe3+ Be6 11. Bc3 Nb4 12. Bxb4 Bxb4+ 13. c3 Qf6 14. Nd4 O-O-O 15.
O-O-O Ba3+ 16. Kc2 c5 17. Nxe6 Rxd1 18. Kxd1 fxe6 19.
g4 Rd8+ 20. Ke1 Qg6 21. f4 Qxg4 22. Bh3 Qh4+ 23. Qg3 Qf6 24. Kf2 c4 25. b4 Bb2 26.
Qg4 Rd6 27. Qg8+ Kc7 28. Qxh7+ Kb6 29. Qe4 Bxc3 30. Rc1 Bd2 31. Rxc4 Qh4+ 32. Kg2 e5 33. fxe5 Be1 34. Qxh4 1-0

[Event "Late-Titled-Tuesday-Blitz-May-14-2024"]
[Site "Chess.com"]
[Date "2024.05.14"]
[Round "6"]
[White "Rud_Makarian"]
[Black "AlexOstrovskiy"]
[Result "1-0"]
[WhiteElo "2949"]
[BlackElo "2718"]
[TimeControl "180+1"]
[EndTime "15:05:09 PDT"]
[Termination "Rud_Makarian won by resignation"]

1. d4 Nf6 2. c4 e5 3. dxe5 Ng4 4. e4 Nxe5 5. f4 Nec6 6. Nc3 Bb4 7. Ne2 Qh4+ 8. g3 Qe7 9. Bg2 Qc5 10. Qd3 a5 11. a3 Bxc3+ 12. Nxc3 Na6 13. Be3 Qh5 14. O-O d6 15. Nd5 O-O 16. f5 f6 17. g4 Qxg4 18. Rf4 Qh5 19. Kh1 Ne5 20. Qf1 Bd7 21. Qf2 Nd3 22. Qg3 Nxf4 23. Bxf4 Kh8 24. Bf3 Qf7 25. Rg1 Rg8 26. Bd2 Bc6 27. Nf4 h6 28. Qh4 Kh7 29.
Rg6 Nc5 30. Ne6 Nxe6 31. Rxh6+ 1-0

[Event "Late-Titled-Tuesday-Blitz-May-14-2024"]
[Site "Chess.com"]
[Date "2024.05.14"]
[Round "6"]
[White "ccccvhhhj"]
[Black "Masterisback04"]
[Result "1-0"]
[WhiteElo "2461"]
[BlackElo "2035"]
[TimeControl "180+1"]
[EndTime "15:05:09 PDT"]
[Termination "ccccvhhhj won on time"]

1. e4 c5 2. Nf3 e6 3. b4 cxb4 4.
a3 d5 5. e5 Nc6 6. axb4 Bxb4 7. c3 Be7 8. d4 g5 9. Bd3 g4 10. Nfd2 h5 11. O-O Nh6 12. Na3 Nf5 13. Nc2 Bg5 14. Nb3 Rg8 15. Ba3 Bd7 16. Nc5 Bc8 17.
Re1 Bf4 18. Bxf5 exf5 19. e6 fxe6 20. Nxe6 Bxe6 21. Rxe6+ Kf7 22. Qe2 Rg6 23. Re1 Qd7 24. Rxg6 Kxg6 25. g3 Bg5 26. Nb4 Kf7 27. Nd3 Re8 28. Ne5+ Nxe5 29. dxe5 Ke6 30. Bd6 Rc8 31. Qd3 Rc4 32. Rd1 Qc6 33. Qb1 b6 34. Qa1 a5 35.
Rd3 Qb5 36. Kg2 Re4 37. Qd1 Rc4 38. Qa1 a4 39. Qa3 Qb3 40. Qa1 b5 41. Bf8 Be7 42.
Bxe7 Kxe7 43. Rxd5 Ke6 44. Qd1 1-0

[Event "Late-Titled-Tuesday-Blitz-May-14-2024"]
[Site "Chess.com"]
[Date "2024.05.14"]
[Round "6"]
[White "larsmandreassen"]
[Black "annasargsyan_m"]
[Result "0-1"]
[WhiteElo "2277"]
[BlackElo "2601"]
[TimeControl "180+1"]
[EndTime "15:05:12 PDT"]
[Termination "annasargsyan_m won by resignation"]

1. d4 d5 2. Nf3 Nf6 3. Bg5 Bf5 4. e3 Nbd7 5. Bd3 Bg6 6. O-O c6 7. c3 Qb6 8. Bxg6 hxg6 9. Qb3 e6 10. Nbd2 Bd6 11. h3 Qc7 12. Qc2 c5 13. e4 cxd4 14.
Nxd4 Bh2+ 15. Kh1 Bf4 16. Nb5 Qb8 17. exd5 Nxd5 18. Nf3 Bxg5 19. Nxg5 Qf4 20. Nf3 Rxh3+ 21. gxh3 Qxf3+ 22. Kh2 Nf4 23. Nd6+ Kf8 24. Qe4 Qxh3+ 25. Kg1 Qg4+ 26. Kh2 Ke7 0-1

[Event "Late-Titled-Tuesday-Blitz-May-14-2024"]
[Site "Chess.com"]
[Date "2024.05.14"]
[Round "6"]
[White "VelandiaSaurio"]
[Black "picturesquecheck"]
[Result "1-0"]
[WhiteElo "2632"]
[BlackElo "2465"]
[TimeControl "180+1"]
[EndTime "15:05:12 PDT"]
[Termination "VelandiaSaurio won by resignation"]

1. d4 d5 2. Nf3 e6 3. e3 Nf6 4. Bd3 c5 5. c3 Be7 6. Nbd2 O-O 7. O-O b6 8. Ne5 Bb7 9. f4 Nc6 10. Qf3 Rc8 11. g4 g6 12. h4 Ne4 13. Nxe4 dxe4 14.
Bxe4 Nxe5 15. fxe5 Bxe4 16. Qxe4 Bxh4 17. Bd2 Bg5 18. Rf3 cxd4 19. cxd4 Qd5 20. Qxd5 exd5 21. Raf1 Be7 22. R3f2 Rc2 23. Bc3 Rxf2 24. Kxf2 f6 25. e6 f5 26. gxf5 Rxf5+ 27. Ke2 Rxf1 28. Kxf1 Kg7 29. e4 dxe4 30. d5+ Kf8 31. Be5 Bg5 32.
d6 Ke8 33. Ke2 h5 34. b4 b5 35. Bd4 h4 36. Bxa7 h3 37. Bc5 Kd8 38. Bb6+ Kc8 39.
Kf1 Kb7 40. e7 h2 41. Kg2 Kxb6 42. e8=Q e3 1-0

[Event "Late-Titled-Tuesday-Blitz-May-14-2024"]
[Site "Chess.com"]
[Date "2024.05.14"]
[Round "6"]
[White "Rdeux42"]
[Black "sergeikim"]
[Result "0-1"]
[WhiteElo "2391"]
[BlackElo "2611"]
[TimeControl "180+1"]
[EndTime "15:05:14 PDT"]
[Termination "sergeikim won by resignation"]

1. d4 Nf6 2. Nf3 g6 3. g3 Bg7 4. Bg2 O-O 5. O-O d6 6. a4 a5 7. Nc3 c6 8. Re1 Qc7 9. e4 e5 10. h3 Re8 11. Be3 Na6 12. Qd2 Nb4 13. Rad1 Be6 14.
Bh6 Bc4 15. b3 Ba6 16. Bxg7 Kxg7 17. Nh4 h6 18. Kh2 Rad8 19. f4 exd4 20. Qxd4 Nxc2 21. Qf2 Nxe1 22. Rxe1 Qe7 23. g4 Nd7 24. Qg3 Nc5 25. e5 dxe5 26. Rxe5 Qd6 27. Nf3 Nd3 28. Ne4 Qc7 29. g5 h5 30. Nf6 Nxe5 31. Nxe5 Re6 32. Bf3 Rd2+ 33. Kh1 Qd6 34. Bxh5 Qd4 35. Nf3 Rd1+ 36.
Ng1 Rxg1+ 37. Qxg1 Qxg1+ 38. Kxg1 gxh5 39. Kf2 Rxf6 40. gxf6+ Kxf6 0-1

[Event "Late-Titled-Tuesday-Blitz-May-14-2024"]
[Site "Chess.com"]
[Date "2024.05.14"]
[Round "6"]
[White "m_ezat"]
[Black "bobo_panda"]
[Result "1-0"]
[WhiteElo "2611"]
[BlackElo "2438"]
[TimeControl "180+1"]
[EndTime "15:05:16 PDT"]
[Termination "m_ezat won by checkmate"]

1. e4 c5 2. d4 cxd4 3. c3 dxc3 4. Nxc3 Nc6 5. Nf3 g6 6. Bc4 Bg7 7. O-O e6 8. Bf4 Nge7 9. Nb5 e5 10. Nd6+ Kf8 11. Nxf7 Qc7 12. Nxh8 exf4 13. Nf7 Na5 14. Bb3 d5 15. exd5 Nf5 16. d6 Qd7 17. N3g5 Nxb3 18. Qxb3 Bd4 19. Rfe1 h6 20. Ne6+ Kxf7 21. Nc5+ Kf6 22.
Nxd7+ Bxd7 23. Qxb7 Rd8 24. Rac1 Be6 25. Rc6 Bd5 26.
Qc7 Rf8 27. Qe7+ Nxe7 28. dxe7+ Bxc6 29. exf8=Q+ Kg5 30. h4+ Kg4 31. Qc8+ Kxh4 32. Qxc6 g5 33. Qxh6+ Kg4 34. Qh3# 1-0

[Event "Late-Titled-Tuesday-Blitz-May-14-2024"]
[Site "Chess.com"]
[Date "2024.05.14"]
[Round "6"]
[White "Crazy_girl99"]
[Black "Walter_White_Poland"]
[Result "1-0"]
[WhiteElo "2629"]
[BlackElo "2403"]
[TimeControl "180+1"]
[EndTime "15:05:18 PDT"]
[Termination "Crazy_girl99 won on time"]

1. Nf3 d5 2. g3 Nf6 3. Bg2 e6 4. O-O Be7 5. d4 O-O 6. c4 c6 7. Nc3 b6 8. Bf4 Nh5 9. Be3 Ba6 10. Nd2 Nf6 11. h3 Nbd7 12. b3 Rc8 13. Rc1 b5 14. c5 Bb7 15. b4 a5 16. a3 Ra8 17. Nb3 a4 18. Na5 Rxa5 19. bxa5 Qxa5 20. Bd2 Qc7 21. Na2 Re8 22. Bf4 e5 23. dxe5 Nxe5 24. Nb4 Nfd7 25. Nd3 Bf6 26. h4 Qa5 27. e4 dxe4 28. Bxe4 Rd8 29. Qe2 Nxd3 30. Bxd3 b4 31. axb4 Qxb4 32.
Rb1 Qd4 33. Rfd1 1-0

[Event "Late-Titled-Tuesday-Blitz-May-14-2024"]
[Site "Chess.com"]
[Date "2024.05.14"]
[Round "6"]
[White "jup1978"]
[Black "ClauAmura"]
[Result "1-0"]
[WhiteElo "2479"]
[BlackElo "2298"]
[TimeControl "180+1"]
[EndTime "15:05:18 PDT"]
[Termination "jup1978 won by resignation"]

1. c4 Nf6 2. g3 e6 3. Bg2 d5 4.
d4 c5 5. cxd5 Nxd5 6. e4 Nf6 7. d5 exd5 8. exd5 Bd6 9. Nc3 a6 10.
a4 O-O 11. Nge2 Bf5 12. O-O Nbd7 13. Bf4 Ne5 14. Bxe5 Bxe5 15. Re1 Re8 16. Qd2 Qd7 17. Nf4 Rad8 18. Rad1 h6 19. h4 b5 20. axb5 axb5 21. Nd3 Bd4 22. Rxe8+ Rxe8 23. Ne2 Ne4 24. Qf4 Bf6 25.
Bxe4 Rxe4 26. Nxc5 Rxf4 27. Nxd7 Rb4 28. Nxf6+ gxf6 29. Nd4 Bd7 30. b3 Kf8 31. f3 Ke7 32. Kf2 Kd6 33. Ke3 Bc8 34. Kd3 Bb7 35. Kc3 Kc5 36. d6 1-0

[Event "Late-Titled-Tuesday-Blitz-May-14-2024"]
[Site "Chess.com"]
[Date "2024.05.14"]
[Round "6"]
[White "PhileKhoob"]
[Black "Bala-Afiada"]
[Result "1-0"]
[WhiteElo "2338"]
[BlackElo "1965"]
[TimeControl "180+1"]
[EndTime "15:05:18 PDT"]
[Termination "PhileKhoob won by resignation"]

1. Nf3 c5 2. c4 Nc6 3. d4 cxd4 4. Nxd4 g6 5. e4 Bg7 6. Be3 Nf6 7. Nc3 O-O 8. Be2 a6 9. O-O e6 10. h3 Qc7 11. Rc1 Qb8 12. Kh1 b6 13. f4 Bb7 14. e5 Ne8 15. Bf3 Nxd4 16. Bxd4 Bxf3 17. Rxf3 d6 18. exd6 Bxd4 19. Qxd4 Qxd6 20. Rd1 Qxd4 21. Rxd4 Nf6 22. Rfd3 Rac8 23. b3 Rfe8 24. Rd6 Rb8 25. Kh2 Nh5 26. Rf3 Red8 27. Rfd3 Rd7 28.
Rxd7 1-0

[Event "Late-Titled-Tuesday-Blitz-May-14-2024"]
[Site "Chess.com"]
[Date "2024.05.14"]
[Round "6"]
[White "merinasian"]
[Black "TanitoluwaAps116"]
[Result "0-1"]
[WhiteElo "2523"]
[BlackElo "2736"]
[TimeControl "180+1"]
[EndTime "15:05:19 PDT"]
[Termination "TanitoluwaAps116 won by resignation"]

1. d4 Nf6 2. Nf3 e6 3. g3 b5 4. Bg2 Bb7 5. O-O c5 6. c3 cxd4 7. cxd4 Be7 8. Qd3 Qb6 9. Nbd2 Nc6 10. e4 Nb4 11. Qe2 Nc2 12. Rb1 Nxd4 13. Nxd4 Qxd4 14. Qxb5 Bc6 15. Qe2 Rb8 16. Nb3 Qa4 17. Bf4 Rb4 18. Bd2 Rxe4 19. Bxe4 Nxe4 20. Be3 Bb5 21. Qg4 Bxf1 22.
Rxf1 O-O 23. Bd4 Nf6 24. Qf3 Rb8 25. Be5 d6 26. Bc3 Qxa2 27. Na5 Qd5 28. Nc6 Qxf3 0-1

[Event "Late-Titled-Tuesday-Blitz-May-14-2024"]
[Site "Chess.com"]
[Date "2024.05.14"]
[Round "6"]
[White "ameetghasi100"]
[Black "MITerryble"]
[Result "0-1"]
[WhiteElo "2789"]
[BlackElo "3010"]
[TimeControl "180+1"]
[EndTime "15:05:21 PDT"]
[Termination "MITerryble won on time"]

1. c4 e5 2. Nc3 Nc6 3. e3 g6 4. a3 Bg7 5. b4 d6 6. Bb2 Nge7 7. h4 h6 8. Nf3 Be6 9. b5 Na5 10. d3 O-O 11. Qc2 f5 12. Be2 c6 13. a4 d5 14. cxd5 cxd5 15. d4 e4 16. Ne5 Kh7 17. Ba3 Rc8 18. h5 g5 19. O-O Re8 20. f3 Bxe5 21.
dxe5 d4 22. Rfd1 Rxc3 23. Qxc3 dxc3 24. Rxd8 Rxd8 25. Bxe7 Rd2 26. Bb4 Nb3 27. Re1 Rc2 28.
fxe4 fxe4 29. Kh2 Kg7 30. Bd1 Rc1 31. Bxb3 Rxe1 32. Bxe6 c2 33. Bxe1 c1=Q 34. Bg3 Qxe3 35. Bg4 Qd4 36. e6 e3 37. Kh3 Qe4 38. Bb8 e2 0-1

[Event "Late-Titled-Tuesday-Blitz-May-14-2024"]
[Site "Chess.com"]
[Date "2024.05.14"]
[Round "6"]
[White "GlavkonVVS"]
[Black "cthulhuuu"]
[Result "1-0"]
[WhiteElo "2633"]
[BlackElo "2473"]
[TimeControl "180+1"]
[EndTime "15:05:22 PDT"]
[Termination "GlavkonVVS won by resignation"]

1. c4 Nf6 2. Nc3 e5 3. g3 g6 4.
Bg2 Bg7 5. Nf3 d6 6. O-O O-O 7. d3 c6 8. Rb1 Re8 9. b4 d5 10. e4 dxc4 11. dxc4 Be6 12. Qe2 a5 13. Rd1 Qe7 14. b5 Nbd7 15. bxc6 bxc6 16. h3 Qc5 17.
Bf1 Rab8 18. Be3 Qa3 19. Qc2 Nc5 20. Nxe5 Rxb1 21. Nxb1 Qa4 22. Qxa4 Nxa4 23. Nxc6 Nxe4 24. Nxa5 Nb2 25. Rc1 Ra8 26. Nb7 Rxa2 27. c5 Bd5 28. c6 Ra1 29. c7 Bxb7 30. c8=Q+ Bxc8 31. Rxc8+ Bf8 32. Bh6 Ra8 33. Rxa8 1-0

[Event "Late-Titled-Tuesday-Blitz-May-14-2024"]
[Site "Chess.com"]
[Date "2024.05.14"]
[Round "6"]
[White "Evgeny81"]
[Black "manitodeplomo"]
[Result "1-0"]
[WhiteElo "2774"]
[BlackElo "2564"]
[TimeControl "180+1"]
[EndTime "15:05:27 PDT"]
[Termination "Evgeny81 won on time"]

1. e4 Nc6 2. Nc3 Nf6 3. d4 d5 4. e5 Nd7 5. Nf3 Nb6 6. Be2 Bg4 7. O-O e6 8. Ne1 Bxe2 9. Nxe2 Qd7 10. f4 f5 11.
exf6 gxf6 12. f5 e5 13. dxe5 fxe5 14. Bg5 Rg8 15. Bh4 Be7 16. f6 Bc5+ 17. Kh1 Kf7 18. Nd3 Bd6 19. Nf2 Rg6 20. Ng3 Rag8 21. Qh5 Nd4 22.
Qxh7+ Ke6 23. Qh5 Qf7 24. c3 Rxg3 25. Qxf7+ Kxf7 26. Bxg3 Ne2 27. Bxe5 Bxe5 28. Rfe1 Ng3+ 29.
hxg3 Bxg3 30. Re2 Kxf6 31. Rf1 1-0

[Event "Late-Titled-Tuesday-Blitz-May-14-2024"]
[Site "Chess.com"]
[Date "2024.05.14"]
[Round "6"]
[White "Savagelittlemole"]
[Black "MarcoRiehle"]
[Result "0-1"]
[WhiteElo "2522"]
[BlackElo "2797"]
[TimeControl "180+1"]
[EndTime "15:05:35 PDT"]
[Termination "MarcoRiehle won on time"]

1. e4 e5 2. Nf3 Nf6 3. Nc3 Nc6 4.
Bb5 Bc5 5. O-O O-O 6. d3 d6 7.
h3 h6 8. Bxc6 bxc6 9. Be3 Bb6 10. Ne2 c5 11. Ng3 Re8 12. Nh2 c6 13. Kh1 d5 14. Qe2 Ba6 15. f3 c4 16. Bxb6 cxd3 17.
cxd3 Qxb6 18. Ng4 Nxg4 19. fxg4 Rad8 20. Rf3 Rd7 21. Raf1 dxe4 22. Qxe4 Qxb2 23. Qf5 Rde7 24. g5 Bc8 25. Qe4 hxg5 26. Nf5 Bxf5 27. Rxf5 Qd4 28. Qxc6 f6 29. R1f3 Qa1+ 30. Kh2 Qxa2 31.
Rg3 Qe6 32. Qe4 Rd7 33. Qf3 Rd4 34. Qh5 Red8 35. Rgf3 Rxd3 36. Rxd3 Rxd3 37. Rf2 e4 0-1

[Event "Late-Titled-Tuesday-Blitz-May-14-2024"]
[Site "Chess.com"]
[Date "2024.05.14"]
[Round "6"]
[White "Cuchulin"]
[Black "katharinareinecke"]
[Result "0-1"]
[WhiteElo "2195"]
[BlackElo "1910"]
[TimeControl "180+1"]
[EndTime "15:05:35 PDT"]
[Termination "katharinareinecke won by resignation"]

1. d4 c6 2. Bf4 d5 3. e3 Nf6 4.
Nf3 Bg4 5. Be2 e6 6. O-O Bd6 7. Ne5 Bxe2 8. Qxe2 O-O 9. Nd2 Qe7 10. c4 dxc4 11.
Ndxc4 Bxe5 12. Bxe5 Rd8 13. a4 Na6 14. Na5 Nb4 15.
Rfc1 Rac8 16. Nc4 b6 17. Qe1 b5 18. Nd6 Rxd6 19. Qxb4 Rd7 20. Qxe7 Rxe7 21. Bxf6 gxf6 22.
axb5 Rec7 23. bxc6 Rxc6 24. Rxc6 Rxc6 25. g4 a6 26. Ra5 Rb6 27. Kg2 Rxb2 28. Rxa6 Kg7 29. h4 Rd2 30. Kg3 Kg6 31. Ra8 Kg7 32. f3 Rd3 33. Kf4 Rd2 34. Rd8 Rh2 35. h5 Rd2 36.
Ra8 Rd1 37. Ra7 Rd2 38. h6+ Kg6 39. Rxf7 Kxf7 0-1

[Event "Late-Titled-Tuesday-Blitz-May-14-2024"]
[Site "Chess.com"]
[Date "2024.05.14"]
[Round "6"]
[White "Maikrosoft63"]
[Black "egnfanclub"]
[Result "1-0"]
[WhiteElo "2622"]
[BlackElo "2379"]
[TimeControl "180+1"]
[EndTime "15:05:36 PDT"]
[Termination "Maikrosoft63 won by resignation"]

1. e4 e5 2. Nc3 Nf6 3. f4 d5 4. fxe5 Nxe4 5. Qf3 f5 6. d3 Nxc3 7. bxc3 d4 8. Qg3 Nc6 9. Be2 Be6 10. Bf3 Qd7 11. Ne2 dxc3 12. O-O O-O-O 13. Be3 Be7 14. Nxc3 Nd4 15. Rab1 c6 16. Qf2 g5 17. Ne2 Bc5 18.
Nxd4 Bxd4 19. Rb4 Bxe3 20. Qxe3 b6 21. g3 g4 22. Bg2 h5 23. a4 h4 24. a5 b5 25. Qc5 Bd5 26. Rxb5 Bxg2 27. Kxg2 hxg3 28.
hxg3 Qd5+ 29. Qxd5 Rxd5 30. Rxd5 cxd5 31. Rxf5 Kd7 32.
Rf7+ 1-0

[Event "Late-Titled-Tuesday-Blitz-May-14-2024"]
[Site "Chess.com"]
[Date "2024.05.14"]
[Round "6"]
[White "LiemLe"]
[Black "grzechu96"]
[Result "1-0"]
[WhiteElo "3045"]
[BlackElo "2806"]
[TimeControl "180+1"]
[EndTime "15:05:40 PDT"]
[Termination "LiemLe won on time"]

1. Nf3 d5 2. e3 Nf6 3. c4 c6 4.
Nc3 e6 5. b3 Bd6 6. Bb2 O-O 7.
Be2 b6 8. Qc2 Bb7 9. g4 Nxg4 10.
Rg1 f5 11. h3 Nf6 12. cxd5 cxd5 13. Nd4 Qe7 14. Ncb5 Na6 15. Nxd6 Qxd6 16. f4 Rac8 17. Qd1 Nc5 18. Rc1 Qe7 19. Kf1 Rf7 20. Nf3 Nfd7 21. Ng5 Rff8 22. Qe1 Nf6 23. Qh4 h6 24. Nf3 Kh7 25.
Ne5 Nce4 26. Ng6 Nxd2+ 27. Ke1 Qb4 28. Nxf8+ Kg8 29. Rxg7+ Kxg7 30. Qxf6+ 1-0

[Event "Late-Titled-Tuesday-Blitz-May-14-2024"]
[Site "Chess.com"]
[Date "2024.05.14"]
[Round "6"]
[White "Magicmaster17"]
[Black "FLamps8"]
[Result "0-1"]
[WhiteElo "2888"]
[BlackElo "2703"]
[TimeControl "180+1"]
[EndTime "15:05:41 PDT"]
[Termination "FLamps8 won by checkmate"]

1. Nf3 d5 2. d4 Nf6 3. c4 e6 4.
Bg5 dxc4 5. e4 b5 6. a4 c6 7.
Nc3 Qb6 8. Be2 b4 9. a5 Qc7 10. Bxf6 gxf6 11. Na4 Ba6 12. O-O Nd7 13. Qc2 c5 14. d5 Bd6 15. Bxc4 Bxc4 16. Qxc4 Ke7 17. Rad1 Rac8 18. b3 Rhg8 19. Rd3 Ne5 20. Nxe5 Bxe5 21.
Rh3 Rg7 22. Rd1 Bd4 23. g3 Qe5 24. Rh4 f5 25. d6+ Qxd6 26. e5 Bxf2+ 27. Kxf2 Qxd1 28.
Qa6 Rd8 29. Qxa7+ Ke8 30. Nxc5 Rd2+ 31. Ke3 Qe2+ 32. Kf4 Qf2# 0-1

[Event "Late-Titled-Tuesday-Blitz-May-14-2024"]
[Site "Chess.com"]
[Date "2024.05.14"]
[Round "6"]
[White "Love7Unicorn"]
[Black "NCchamp"]
[Result "1-0"]
[WhiteElo "2507"]
[BlackElo "2313"]
[TimeControl "180+1"]
[EndTime "15:05:41 PDT"]
[Termination "Love7Unicorn won on time"]

1. d4 d5 2. c4 dxc4 3. e4 b5 4. a4 c6 5. g3 Nf6 6. Bg2 e5 7. d5 Bg4 8. Ne2 Bb4+ 9. Nbc3 a6 10. O-O O-O 11. axb5 Bxc3 12. bxc3 cxb5 13. f3 Qb6+ 14.
Kh1 Bh5 15. g4 Bg6 16. Ng3 Nbd7 17. h4 h6 18. h5 Bh7 19. g5 hxg5 20. Bxg5 a5 21. h6 b4 22. Bh3 b3 23. Qe2 Rac8 24. f4 exf4 25. Rxf4 Kh8 26. hxg7+ Kxg7 27. Bxd7 Nxd7 28.
Nh5+ Kh8 29. Nf6 b2 30. Rb1 Qd6 31. Qh5 1-0